Map: Backwater LE

Players

Bly - Winner!

  • Race: Zerg Zerg
  • Spawn Location: 11:00

SpeCial

  • Race: Terran Terran
  • Spawn Location: 5:00

Event: IEM Season 12 - PyeongChang

VOD

Have the link to the VOD?

Description

Time

  • Played on: Feb. 6, 2018, 1:21 a.m.
  • Length: 4:21

All games in this series

Show
View Real Time Build Order
Export as new Build Order

Bly Zerg - Winner!

Build Orders: Hatch First, Ravager All-In 

Get SALT Encoding   

  12  0:01  Drone  
  13  0:08  Drone  
  14  0:37  Hatchery  
  13  0:50  Spawning Pool  
  13  0:55  Drone  
  13  0:59  Drone  
  13  1:02  Extractor  
  13  1:05  Drone  
  14  1:17  Extractor, Drone  
  14  1:25  Overlord  
  14  1:38  Roach Warren  
  14  1:39  Drone  
  14  1:43  Drone  
  15  1:51  Drone  
  16  2:18  Roach x3  
  22  2:23  Overlord  
  22  2:30  Roach  
  24  2:40  Roach  
  26  2:47  Ravager x2  
  26  2:48  Ravager  
  29  2:52  Roach  
  31  3:06  Roach  
  31  3:11  Overlord  
  33  3:16  Ravager  
  34  3:22  Roach  
  34  3:47  Roach x3  
  35  3:50  Ravager  
Show
View Real Time Build Order
Export as new Build Order

SpeCial Terran 

Build Orders:  

Get SALT Encoding   

  12  0:00  SCV  
  13  0:12  SCV  
  14  0:17  Supply Depot  
  14  0:24  SCV  
  15  0:39  SCV  
  15  0:40  Barracks  
  16  0:44  Refinery  
  16  0:51  SCV  
  17  1:03  SCV  
  18  1:15  SCV  
  19  1:28  Orbital Command  
  20  1:33  Marine  
  20  1:40  Command Center  
  20  1:51  Factory  
  20  1:54  SCV  
  20  1:58  Marine  
  22  2:05  Bunker  
  22  2:12  Supply Depot  
  22  2:14  SCV  
  23  2:19  Refinery  
  23  2:34  Marine, SCV  
  23  2:36  Starport  
  25  2:38  Factory Tech Lab  
  25  2:46  SCV  
  25  2:47  Supply Depot  
  26  3:02  Siege Tank  
  26  3:04  SCV  
  30  3:11  Marine  
  31  3:17  Orbital Command  
  31  3:28  Viking  
  31  3:31  SCV  
  34  3:35  Marine  
  32  3:45  Siege Tank  
  26  3:52  Marine  
  22  3:57  SCV  

Tags
 
Add a new tag
Caveats
  • Supply blocks, unpowered buildings, or Contaminate may cause inaccurate times.
  • Supply counts are checked every 10 seconds.